Map: Newkirk Precinct TE (Void)

Players

Leto - Winner!

  • Race: Terran Terran
  • League: Diamond
  • Spawn Location: 5:00

Musumeci

  • Race: Zerg Zerg
  • League: Diamond
  • Spawn Location: 7:00

VOD

Have the link to the VOD?

Description

Time

  • Played on: Jan. 15, 2017, 12:38 p.m.
  • Length: 15:50
Show
View Real Time Build Order
Export as new Build Order

Leto Terran - Winner!

Build Orders: Reaper Expand 

Get SALT Encoding   

  12  0:01  SCV  
  13  0:13  SCV  
  14  0:18  Supply Depot  
  14  0:26  SCV  
  15  0:40  SCV  
  15  0:42  Barracks  
  16  0:45  Refinery  
  16  0:52  SCV  
  17  1:04  SCV  
  18  1:16  SCV  
  19  1:28  Orbital Command  
  19  1:29  Reaper  
  20  1:42  Command Center  
  20  1:53  Barracks  
  20  1:56  SCV  
  21  2:02  Refinery  
  21  2:06  Barracks Reactor  
  21  2:13  Supply Depot  
  21  2:15  SCV  
  22  2:27  SCV  
  22  2:28  Factory  
  23  2:43  Bunker, Marine x2  
  25  2:54  Marine  
  25  2:56  Bunker  
  25  2:57  SCV  
  27  3:11  Marine x2  
  27  3:12  Marine  
  30  3:24  SCV  
  30  3:29  Factory Tech Lab, Marine x3  
  33  3:37  SCV  
  34  3:47  Marine  
  35  3:50  Marine  
  31  4:04  Siege Tank  
  31  4:05  Orbital Command  
  31  4:07  SCV  
  31  4:08  Marine  
  31  4:36  Siege Tank  
  30  4:43  Orbital Command  
  27  4:53  Marine  
  27  4:54  SCV  
  29  5:11  Marine  
  30  5:21  SCV  
  30  5:28  SCV  
  31  5:29  Marine  
  31  5:33  SCV  
  30  5:46  Marine  
  30  5:47  Barracks  
  30  5:49  Orbital Command  
  30  6:02  SCV  
  31  6:04  Marine  
  31  6:05  Barracks  
  31  6:10  Starport  
  32  6:22  Marine  
  32  6:23  Siege Tank  
  36  6:32  SCV x2  
  38  6:35  Liberator  
  38  6:36  Barracks Tech Lab  
  38  6:41  Supply Depot  
  40  6:47  SCV  
  40  6:52  Supply Depot  
  40  6:54  Marine  
  42  6:55  Barracks Reactor  
  42  6:57  SCV  
  42  7:01  SCV  
  45  7:09  SCV  
  45  7:10  Stimpack, Marine  
  45  7:12  Marine  
  45  7:15  SCV  
  47  7:22  SCV  
  48  7:23  Siege Tank  
  48  7:27  SCV  
  52  7:34  SCV  
  52  7:36  Marine x2  
  55  7:39  SCV  
  56  7:45  Marine  
  56  7:46  SCV  
  58  7:51  SCV  
  58  7:54  Marine  
  58  7:57  Medivac  
  62  8:05  Engineering Bay  
  62  8:17  Supply Depot  
  62  8:18  Supply Depot  
  62  8:22  SCV x2, Siege Tank  
  62  8:25  Marine x2  
  69  8:28  Supply Depot  
  69  8:34  SCV  
  70  8:39  Marine  
  70  8:41  Medivac  
  73  8:42  Command Center  
  73  8:43  Marine  
  73  8:47  Marine  
  75  8:51  SCV  
  75  8:54  Siege Tank  
  79  8:56  Medivac  
  79  8:57  SCV, Marine  
  83  9:07  SCV  
  84  9:11  Medivac  
  84  9:12  SCV  
  84  9:16  Marine x2  
  89  9:17  Marine  
  89  9:19  SCV  
  91  9:32  Siege Tank  
  94  9:53  Marine x3  
  94  9:54  SCV x2  
  95  10:06  SCV  
  81  10:46  SCV, Marine  
  77  11:10  Marine  
  67  11:19  Marauder, Marine  
  65  11:28  Marine  
  63  11:44  Marauder, Marine  
  63  11:46  SCV  
  67  11:51  Barracks  
  67  11:52  Barracks  
  66  12:02  Barracks  
  66  12:05  Orbital Command  
  65  12:10  SCV  
  65  12:11  Medivac x2, Siege Tank  
  65  12:12  SCV  
  65  12:13  Refinery  
  65  12:14  Refinery  
  74  12:20  Refinery  
  74  12:21  Refinery  
  74  12:22  SCV, Terran Infantry Weapons Level 1  
  75  12:26  Engineering Bay  
  75  12:27  SCV  
  76  12:39  Marauder, Marine x3  
  76  12:42  Barracks Tech Lab  
  81  12:45  SCV  
  82  12:54  Missile Turret  
  82  12:56  Marine, Siege Tank  
  82  12:57  SCV, Marine x2  
  89  13:00  Missile Turret, Marine  
  89  13:04  Marine x2  
  92  13:05  SCV  
  92  13:09  Medivac  
  92  13:10  Medivac  
  97  13:14  Marine  
  97  13:15  Marine x2  
  97  13:18  SCV, Marine  
  102  13:22  Marine x2  
  97  13:32  Marine x2  
  97  13:33  Marine  
  98  13:35  Marine  
  98  13:36  Siege Tank  
  98  13:37  Combat Shields  
  98  13:38  Concussive Shells  
  98  13:39  Marine  
  98  13:40  Marine  
  98  13:41  Terran Infantry Armor Level 1  
  104  13:46  Command Center  
  104  13:49  Barracks  
  104  13:50  Marine x3  
  104  13:51  Barracks  
  104  13:52  Medivac  
  104  13:53  Barracks  
  109  13:58  Supply Depot  
  109  13:59  SCV, Marine  
  109  14:00  Marauder x2, Armory  
  109  14:01  SCV  
  116  14:05  Supply Depot  
  116  14:06  Supply Depot x2  
  116  14:07  Supply Depot  
  116  14:08  Marine  
  116  14:09  Supply Depot  
  117  14:19  SCV x2, Marine x3, Siege Tank  
  117  14:21  Supply Depot  
  125  14:27  Marauder, SCV, Marine x2  
  130  14:31  SCV  
  130  14:37  Marine x3  
  130  14:45  Marine x2  
  132  14:49  Marauder  
  126  14:55  Marine x3  
  129  15:02  Marine  
  129  15:03  Marauder  
  132  15:09  Marine  
  132  15:10  SCV  
  132  15:12  Marine x3  
  132  15:13  Orbital Command  
  137  15:20  Marine  
  138  15:24  Marine  
  138  15:27  Marine  
  138  15:30  Marine x3  
Show
View Real Time Build Order
Export as new Build Order

Musumeci Zerg 

Build Orders: Pool First, Ravager All-In 

Get SALT Encoding   

  12  0:04  Drone  
  13  0:08  Drone  
  14  0:14  Extractor  
  14  0:15  Drone  
  15  0:33  Spawning Pool  
  14  0:36  Extractor  
  14  0:37  Drone  
  14  0:45  Overlord  
  14  0:52  Drone, Extractor  
  15  1:05  Drone  
  16  1:11  Extractor  
  15  1:19  Roach Warren  
  15  1:20  Drone  
  15  1:27  Queen  
  17  1:34  Drone  
  18  1:42  Overlord  
  18  1:59  Roach x2  
  22  2:03  Roach  
  24  2:12  Roach  
  26  2:20  Ravager x2  
  28  2:24  Roach  
  30  2:47  Overlord  
  30  3:26  Ravager  
  31  3:28  Ravager x2  
  33  3:39  Roach x2  
  31  4:47  Overlord x2  
  31  5:06  Ravager  
  33  5:07  Ravager  
  33  5:10  Hatchery  
  23  5:44  Roach  
  23  5:45  Roach x2  
  26  5:59  Drone x6  
  32  6:17  Ravager x3  
  32  6:18  Drone  
  32  6:24  Hatchery, Queen  
  34  6:25  Drone  
  34  6:26  Drone  
  34  6:28  Lair  
  34  6:31  Drone, Evolution Chamber  
  36  6:46  Drone x4  
  40  6:59  Drone x4  
  44  7:06  Zerg Missile Weapons Level 1  
  41  7:18  Drone x4  
  45  7:25  Glial Reconstitution  
  45  7:27  Evolution Chamber  
  45  7:28  Drone  
  45  7:31  Extractor  
  45  7:32  Extractor  
  43  7:43  Queen  
  46  7:44  Drone x3  
  46  7:46  Drone  
  46  7:48  Drone  
  46  7:50  Drone, Overlord  
  51  7:52  Drone  
  52  8:03  Spore Crawler x2  
  50  8:07  Spore Crawler  
  49  8:14  Drone x2  
  49  8:15  Drone  
  49  8:16  Drone x3  
  55  8:25  Overseer  
  55  8:33  Roach  
  57  8:34  Overlord x3  
  57  8:47  Zerg Ground Armor Level 1  
  57  8:55  Drone x8  
  64  9:07  Zerg Missile Weapons Level 2  
  64  9:15  Roach x4, Spore Crawler  
  71  9:18  Ravager  
  68  9:32  Roach x2, Spore Crawler  
  68  9:34  Roach x4  
  82  9:38  Ravager x3  
  82  9:44  Overlord x2  
  82  9:50  Overlord  
  82  9:51  Overlord  
  69  10:11  Ravager x5  
  74  10:17  Roach x5  
  74  10:18  Roach x2  
  62  10:28  Roach x3  
  61  10:37  Roach  
  61  10:38  Roach x2  
  53  10:45  Roach x2  
  50  10:50  Ravager  
  50  10:51  Ravager  
  42  11:06  Roach x3  
  33  11:22  Roach x4  
  29  11:26  Drone  
  27  11:45  Drone x2  
  25  12:02  Drone x3  
  28  12:10  Drone  
  29  12:25  Drone x3  
  32  12:40  Drone  
  32  12:41  Drone  
  34  12:44  Ravager  
  34  12:45  Ravager x3  
  34  12:48  Drone  
  39  12:57  Ravager x4  
  40  13:30  Queen, Drone  
  40  13:32  Queen  
  45  13:41  Drone  
  45  13:42  Drone x5  
  51  14:08  Roach x2  
  55  14:10  Hatchery  
  54  14:20  Overseer  
  39  14:32  Roach  
  39  14:33  Roach x3  
  35  14:57  Ravager  
  28  15:09  Roach x3  
  32  15:19  Ravager  
  27  15:37  Ravager  
Tags
 
Add a new tag
Caveats
  • Supply blocks, unpowered buildings, or Contaminate may cause inaccurate times.
  • Supply counts are checked every 10 seconds.